 Dungeon Crawl Stone Soup version 0.18.1-6-gd335043 (webtiles) character file.

357 GeneralIdiocy the Slasher (level 6, -1/51 HPs)
             Began as a Demonspawn Gladiator on May 19, 2016.
             Slain by sailingsnail's ghost (11 damage)
             ... on level 4 of the Dungeon.
             The game lasted 00:05:44 (2749 turns).

GeneralIdiocy the Slasher (Demonspawn Gladiator)    Turns: 2749, Time: 00:05:45

Health: -1/51      AC:  8    Str: 17    XL:     6   Next: 37%
Magic:  6/6        EV:  7    Int: 10    God:
Gold:   190        SH:  0    Dex: 13    Spells: 0 memorised, 5 levels left

rFire  . . .     SeeInvis .     a - +0 long sword
rCold  . . .     Gourm    .     b - +0 leather armour
rNeg   . . .     Faith    .     (no shield)
rPois  .         Spirit   .     c - +0 helmet
rElec  .         Dismiss  .     n - +2 cloak
rCorr  .         Reflect  .     (no gloves)
SustAt .         Harm     .     (no boots)
MR     .....                    (no amulet)
Stlth  +.........               (no ring)
                                (no ring)

@: not resistant to hostile enchantments, very unstealthy
A: hooves 1, rugged brown scales 1, powered by death 1
a: no special abilities


You were on level 4 of the Dungeon.
You were hungry.

You visited 1 branch of the dungeon, and saw 4 of its levels.
You also visited: Sewer.

You collected 190 gold pieces.

Inventory:

Hand Weapons
 a - a +0 long sword (weapon)
Missiles
 d - 3 throwing nets (quivered)
Armour
 b - a +0 leather armour (worn)
 c - a +0 helmet (worn)
 n - a +2 cloak (worn)
 p - a +0 cloak
Jewellery
 u - an uncursed amulet of faith {unknown}
Scrolls
 m - a scroll of remove curse
 q - a scroll of fear
 t - 4 scrolls of teleportation
 w - a scroll of recharging {unknown}
Potions
 e - 2 potions of mutation {unknown}
 h - 2 potions of might {unknown}
 i - a potion of lignification {unknown}
 j - a potion of heal wounds {unknown}
 k - 2 potions of degeneration {unknown}
 o - 3 potions of curing {unknown}
 r - 3 potions of flight {unknown}
 s - a potion of cure mutation {unknown}
 x - a potion of ambrosia {unknown}
Comestibles
 f - 5 bread rations
 g - 3 fruits
 l - 2 meat rations
 v - a royal jelly


   Skills:
 + Level 4.8 Fighting
 * Level 5.1 Long Blades
 - Level 1.7 Throwing
 - Level 2.6 Dodging


You had 5 spell levels left.
You didn't know any spells.

Dungeon Overview and Level Annotations

Branches:
Dungeon (4/15)
 Temple: D:4-7

Altars:
Elyvilon
Fedhas
Makhleb
Nemelex Xobeh
Sif Muna
Trog
The Shining One

Annotations:
D:4 sailingsnail's ghost, amateur HOFi


Innate Abilities, Weirdness & Mutations

You have large cloven feet.
You are partially covered in rugged brown scales (AC +1, +3% HP).
You regenerate a little health from kills.


Message History

Your kick misses sailingsnail's ghost.
Sailingsnail's ghost is moderately damaged.
Sailingsnail's ghost hits you.
Sailingsnail's ghost hits you but does no damage.
You slash sailingsnail's ghost!
You kick sailingsnail's ghost, but do no damage.
Sailingsnail's ghost is heavily damaged.
Sailingsnail's ghost hits you.
You hit sailingsnail's ghost but do no damage.
Sailingsnail's ghost is heavily damaged.
Sailingsnail's ghost misses you.
You hit sailingsnail's ghost but do no damage.
Your kick misses sailingsnail's ghost.
Sailingsnail's ghost is heavily damaged.
Sailingsnail's ghost hits you!
* * * LOW HITPOINT WARNING * * *
Sailingsnail's ghost whispers, "Death is liberation."
There is a stone staircase leading up, spattered with blood here.
Sailingsnail's ghost hits you!
You die...

## ##. #.
....#<.################.
[......................
#.###)....########....
##......##.########.###
.......................
.#..#..)##.########.#..
#.#..#.).##..........#..
#.#...)@W..$..######.#.#
###.....###...#...........
#.........................
#.......###...##..........
#.......# #...##..........
#.......# #...##..........
#.......# #...##..........
#.......# #...##..........
#.......###....#..........


You could see sailingsnail's ghost.

Vanquished Creatures
  A giant frog (Sewer)
  2 orc priests
  An orc wizard (D:4)
  Jessica (D:2)
  A worker ant (D:4)
  A hound skeleton (D:4)
  5 adders
  3 oozes
  4 worms
  A dart slug (D:3)
  4 giant geckos
  2 orcs (D:4)
  5 bats
  4 giant cockroaches
  4 goblins
  8 hobgoblins
  2 jackals (D:2)
  4 kobolds
  A quokka (D:4)
  4 ball pythons (Sewer)
  10 giant newts
  10 rats
78 creatures vanquished.

Notes
Turn   | Place    | Note
--------------------------------------------------------------
     0 | D:1      | GeneralIdiocy the Demonspawn Gladiator began the quest for the Orb.
     0 | D:1      | Reached XP level 1. HP: 16/16 MP: 1/1
   227 | D:1      | Gained mutation: You regenerate a little health from kills. [demonic ancestry]
   227 | D:1      | Reached XP level 2. HP: 22/23 MP: 2/2
   674 | D:2      | Gained mutation: You have large cloven feet. [demonic ancestry]
   674 | D:2      | Reached XP level 3. HP: 29/29 MP: 3/3
   754 | D:2      | Found a white marble altar of Elyvilon.
   841 | D:2      | Noticed Jessica
   858 | D:2      | Killed Jessica
   858 | D:2      | Reached skill level 3 in Long Blades
   858 | D:2      | Gained mutation: You are partially covered in rugged brown scales (AC +1, +3% HP). [demonic ancestry]
   858 | D:2      | Reached XP level 4. HP: 28/38 MP: 4/4
  1686 | D:3      | Found a glowing golden altar of the Shining One.
  1812 | D:4      | Found a sparkling altar of Nemelex Xobeh.
  1813 | D:4      | Found a blossoming altar of Fedhas.
  1815 | D:4      | Found a deep blue altar of Sif Muna.
  1817 | D:4      | Found a bloodstained altar of Trog.
  1817 | D:4      | Found a burning altar of Makhleb.
  1835 | D:4      | Reached XP level 5. HP: 39/43 MP: 5/5
  1881 | D:4      | Reached skill level 4 in Long Blades
  1943 | D:4      | Found a glowing drain.
  1948 | Sewer    | Entered a sewer
  2207 | Sewer    | Reached XP level 6. HP: 25/50 MP: 6/6
  2597 | D:3      | Reached skill level 5 in Long Blades
  2730 | D:4      | Noticed sailingsnail's ghost (amateur HOFi)
  2749 | D:4      | Slain by sailingsnail's ghost

Skill      XL: |  1  2  3  4  5  6 |
---------------+-------------------+-----
Fighting       | 3 4 |  4.8
Long Blades    | 3 4 5 |  5.1
Throwing       | |  1.7
Dodging        | |  2.6

Action                   |  1- 3 |  4- 6 || total
-------------------------+-------+-------++-------
Melee: Long sword        |   101 |   242 ||   343
       Kick              |    12 |    68 ||    80
  Use: Scroll            |     3 |     2 ||     5
  Eat: Chunk             |       |     6 ||     6
Armor: Leather armour    |    34 |   120 ||   154
Dodge: Dodged            |    90 |   183 ||   273
